 Dungeon Crawl Stone Soup version 0.30.1-9-gdf580d7c3d (webtiles) character file.

Game seed: 14422168444053288878

79 KittyFluff the Trooper (level 4, 0/29 HPs)
             Began as a Gargoyle Berserker on Oct 5, 2023.
             Was a Believer of Trog.
             Slain by an iguana (2 damage)
             ... on level 4 of the Dungeon.
             The game lasted 00:08:45 (1825 turns).

KittyFluff the Trooper (Gargoyle Berserker)         Turns: 1825, Time: 00:08:46

Health: 0/29       AC:  8    Str: 20    XL:     4   Next: 37%
Magic:  4/4        EV: 11    Int:  8    God:    Trog [**....]
Gold:   175        SH:  0    Dex: 11    Spells: 3/3 levels left

rFire   . . .        a - +0 mace
rCold   . . .        (no shield)
rNeg    + . .        c - +0 leather armour
rPois   ∞            o - +0 hat
rElec   +            p - +0 cloak
rCorr   .            (no gloves)
SInv    .            (no boots)
Will    .....        (no amulet)
Stlth   +            (no ring)
HPRegen 0.24/turn    (no ring)
MPRegen 0.09/turn

%: no passive effects
@: no status effects
A: sickness immunity, AC +3, negative energy resistance 1, electricity
resistance, torment resistance 1, petrification resistance
a: Renounce Religion, Berserk, Trog's Hand


You were on level 4 of the Dungeon.
You worshipped Trog.
Trog was pleased with you.
You visited 1 branch of the dungeon, and saw 4 of its levels.

You collected 175 gold pieces.

Inventory:

Hand Weapons
 a - a +0 mace (weapon)
Missiles
 j - 8 javelins (quivered)
Armour
 c - a +0 leather armour (worn)
 o - a +0 hat (worn)
 p - a +0 cloak (worn)
Scrolls
 b - 2 scrolls of amnesia {unknown}
 d - a scroll of vulnerability {unknown}
 e - 2 scrolls of teleportation {unknown}
 g - a scroll of silence {unknown}
 h - a scroll of brand weapon {unknown}
 l - 2 scrolls of blinking {unknown}
 q - a scroll of identify
Potions
 f - a potion of invisibility
 i - a potion of resistance
 k - a potion of might
 m - 2 potions of lignification
 n - 2 potions of mutation


   Skills:
 + Level 3.7 Fighting
 * Level 3.7 Maces & Flails
 * Level 3.3 Armour
 + Level 2.0 Dodging


You had 3 spell levels left.
You didn't know any spells.
Your spell library was empty.

Dungeon Overview and Level Annotations

Branches:
Dungeon (4/15)
 Temple: D:4-7

Altars:
Cheibriados

Shops:
D:4 :


Innate Abilities, Weirdness & Mutations

You are immune to sickness and miasma.
Your stone body is resilient. (AC +3)
You are immune to poison.
You resist negative energy. (rN+)
You are resistant to electric shocks. (rElec)
You are resistant to unholy torment.
You are immune to petrification.


Message History

There is a stone staircase leading up here.
You climb upwards.
There is a stone staircase leading down here.
There is a stone staircase leading down here.
You climb downwards.
Found 7 stones.
Found Koshir's Book Emporium.
There is a stone staircase leading up here.
Press: ? - help, v - describe, . - travel A stone wall.
You barely miss the iguana. The iguana closely misses you. x2
You hit the iguana.
The iguana is lightly wounded.
The iguana bites you but does no damage.
You barely miss the iguana.
The iguana is lightly wounded.
The iguana bites you!
You hit the iguana.
The iguana is lightly wounded.
The iguana closely misses you.
You barely miss the iguana.
The iguana is lightly wounded.
The iguana closely misses you.
You hit the iguana.
The iguana is moderately wounded.
The iguana bites you. The iguana bites you!
You closely miss the iguana.
The iguana is moderately wounded.
The iguana closely misses you.
You barely miss the iguana.
The iguana is moderately wounded.
The iguana bites you but does no damage.
You hit the iguana.
The iguana is heavily wounded.
The iguana barely misses you.
You completely miss the iguana.
The iguana is heavily wounded.
The iguana bites you!
* * * LOW HITPOINT WARNING * * *
The iguana bites you.
You die...

#...#...#
#...#...##
#........#
##........###
#..<........#
#.......#.#.##
#.........#..
#.......##∩#
##.......l@#
#......###.#
#....### ###
#....# #..<.#
#....# #.....#
.......#
##.....#.


You could see an iguana.

Vanquished Creatures
  An adder (D:2)
  3 worms
  3 dart slugs
  7 bats
  5 endoplasms
  A giant cockroach (D:1)
  6 goblins
  5 hobgoblins
  5 quokkas
  8 ball pythons
  2 frilled lizards
  4 kobolds
  4 rats
54 creatures vanquished.

Notes
Turn   | Place    | Note
-------+----------+-------------------------------------------
     0 | D:1      | KittyFluff the Gargoyle Berserker began the quest for the
                  | Orb.
     0 | D:1      | Reached XP level 1. HP: 14/14 MP: 1/1
   166 | D:1      | Reached XP level 2. HP: 19/19 MP: 2/2
   609 | D:2      | Reached XP level 3. HP: 23/23 MP: 3/3
   731 | D:2      | Reached ** piety under Trog
  1141 | D:2      | Found a faded altar of an unknown god.
  1150 | D:2      | Reached XP level 4. HP: 24/29 MP: 4/4
  1535 | D:3      | Found a snail-covered altar of Cheibriados.
  1807 | D:4      | Found Koshir's Book Emporium.
  1825 | D:4      | Slain by an iguana

Illustrated notes

Levels and vault maps discovered:
D:1:      dpeg_arrival_court, layout_rooms
D:2:      layout_rooms, nicolae_ecumenical_snake_handling
D:3:      layout_rooms, mainiacjoe_overflow_tiny_flanked,
          nicolae_overflow_hidden_temple
D:4:      layout_cave_pods, zin_treasury, serial_shops,
          nicolae_book_shop_shelving, uniq_duvessa

Skill      XL: |  1  2  3 |
---------------+----------+-----
Armour         | 3 |  3.3
Dodging        | 2 |  2.0
Fighting       | |  3.7
Maces & Flails | |  3.7

Action                     |  1- 3 |  4- 6 || total
---------------------------+-------+-------++-------
  Melee: Mace              |   157 |    65 ||   222
         Punch             |     2 |       ||     2
    Use: Scroll            |       |     5 ||     5
 Armour: Leather armour    |    63 |    34 ||    97
         Animal skin       |     1 |       ||     1
  Dodge: Dodged            |   127 |    44 ||   171
